 Dungeon Sprint DCSS version 0.19.4-8-ga85b6b9 (webtiles) character file.

11900000 protoss039 the Archmage (level 27, -16/272 (273) HPs)
             Began as a Ghoul Wizard on Feb 13, 2017.
             Was the Champion of Makhleb.
             Demolished by a bag of meat
             ... wielding a +9 war axe
              (25 damage)
             ... in the Dungeon (Sprint VIII: "Arena of Blood").
             The game lasted 00:06:10 (119 turns).

protoss039 the Archmage (Ghoul Wizard)               Turns: 119, Time: 00:06:11

HP:   -16/272 (273) AC:  4    Str: 24    XL:     27
MP:   31/53         EV: 23    Int: 13    God:    Makhleb [******]
Gold: 0             SH:  0    Dex:  7    Spells: 1 memorised, 79 levels left

rFire  . . .     SeeInvis .     k - +∞ Axe of Woe
rCold  + . .     Gourm    .     a - +0 robe
rNeg   + + +     Faith    .     (shield currently unavailable)
rPois  ∞         Spirit   .     b - +0 hat
rElec  .         Reflect  .     (no cloak)
rCorr  .         Harm     .     (no gloves)
MR     ++...     NoTele   +     (no boots)
Stlth  +++++++++.               (no amulet)
                                p - +250 ring of slaying
                                q - +250 ring of slaying

@: marked, rotting
A: rotting body, claws 1, carnivore 3, cold resistance 1, negative energy
resistance 3, slow regeneration 1, torment resistance, unbreathing
a: Minor Destruction, Lesser Servant of Makhleb, Major Destruction, Greater
Servant of Makhleb, Renounce Religion


You were in the Dungeon.
You worshipped Makhleb.
Makhleb was exalted by your worship.
You were not hungry.

You visited 1 branch

Inventory:

Hand Weapons
 k - the +∞ Axe of Woe (weapon)
   (You found it in the Dungeon)
Armour
 a - a +0 robe (worn)
 b - a +0 hat (worn)
Jewellery
 l - a +30 ring of slaying
 m - a +30 ring of slaying
 n - a +200 ring of slaying
 o - a +200 ring of slaying
 p - a +250 ring of slaying (right claw)
 q - a +250 ring of slaying (left claw)
Scrolls
 j - a scroll of blinking
Potions
 e - a potion of curing
 f - a potion of heal wounds
 g - a potion of haste
 h - 2 potions of magic
 i - a potion of berserk rage
Books
 c - a book of Minor Magic

   Spells                             Type                      Level
   a - Magic Dart                     Conjuration                  1
   b - Blink                          Translocation                2
   c - Call Imp                       Summoning                    2
   d - Repel Missiles                 Charms/Air                   2
   e - Slow                           Hexes                        2
   f - Conjure Flame                  Conjuration/Fire             3
   g - Mephitic Cloud                 Conjuration/Poison/Air       3
Comestibles
 d - a meat ration
 r - a chunk of flesh


   Skills:
 O Level 27 Fighting
 O Level 27 Axes
 O Level 27 Throwing
 O Level 27 Armour
 O Level 27 Dodging
 O Level 27 Stealth
 O Level 27 Unarmed Combat
 O Level 27 Spellcasting
 O Level 27 Conjurations
   Level 0.8 Summonings
   Level 0.8 Translocations
 O Level 27 Invocations


You had 79 spell levels left.
You knew the following spells:

 Your Spells              Type           Power        Failure   Level  Hunger
a - Magic Dart            Conj           ####         0%          1    None


Dungeon Overview and Level Annotations

Branches:
Dungeon (1/1)

Altars:
Makhleb

Annotations:
D The Servant


Innate Abilities, Weirdness & Mutations

Your body is rotting away.
You thrive on raw meat.
You are immune to poison.
You have sharp fingernails.
You are carnivorous and can eat meat at any time.
Your flesh is cold resistant. (rC+)
You are immune to negative energy. (rN+++)
You regenerate slowly when monsters are visible.
You are immune to unholy pain and torment.
You can survive without breathing.


Message History

The meat beast bites you. The meat beast tramples you!
You hold your ground!
You hear a shout!
The bag of meat hits you with a +9 war axe!
You hear a shout!
The accursed gestures at you while chanting.
Something smites you!
Your green death is engulfed in roaring flames.
Your green death hits the small abomination!
You hear a shout!
The destroyer is engulfed in roaring flames.
The destroyer blinks!
The bag of meat hits you with a +9 war axe!!
* * * LOW HITPOINT WARNING * * *
The meat berserker is engulfed in roaring flames.
The meat berserker hits you with a +9 battleaxe!!!
* * * LOW HITPOINT WARNING * * *
The meat berserker hits your green death with a +9 battleaxe!!!
Your green death dies!
The bag of meat hits you with a +9 war axe!!
You die... ..........
Oo....... #O...o..# .O #.....o.# . .o2###C.. .oo###%.. ....L%Vo###xo.z..O. #.....OooX{D2..L... ..O...#oooxo#o..... ..z.. #x@OWX#

...%.
....Oo#22Oxx#o.....
#...OD22x§xOC.Moo..
.o.o.oOo###@OLoS...
...###o.o Ooz###.%.
.W #...{o.W# %.
#.MOz...# .........
...........


You could see 2 accurseds, 5 meat beasts, 3 tyrants, a reaper, The Servant, 2
eight-headed meat hydras, a destroyer, a scourge, 2 sculptors of flesh, 2 large
bags of meat, 2 large abominations, 3 dreads, 9 meat berserkers, 2 small
abominations, 19 bags of meat and 5 crawling corpses.

Vanquished Creatures
  Sigmund (D)
  10 hell beasts (D)
  3 greater mummies (D)
  5 great orbs of eyes (D)
  2 wraiths (D)
  19 vampire knights (D)
  36 ogres (D)
  2 liches (D)
  3 hydras (D)
  55 orcs (D)
  2 phantoms (D)
  4 hill giants (D)
  5 skeletal warriors (D)
  A sea snake (D)
  7 large abominations (D)
  4 small abominations (D)
  11 crawling corpses (D)
170 creatures vanquished.

Vanquished Creatures (collateral kills)
  A small abomination (D)
1 creature vanquished.

Vanquished Creatures (others)
  A crawling corpse (D)
1 creature vanquished.

Grand Total: 172 creatures vanquished

Notes
Turn   | Place    | Note
-------+----------+-------------------------------------------
     0 | D        | protoss039 the Ghoul Wizard began the quest for the Orb.
     0 | D        | Reached XP level 1. HP: 14/14 MP: 3/3
     2 | D        | Noticed a meat berserker
     3 | D        | Became a worshipper of Makhleb the Destroyer
     6 | D        | Killed a meat berserker
     6 | D        | Reached skill level 5 in Axes
     6 | D        | Reached XP level 2. HP: 20/20 MP: 3/24
     6 | D        | Reached XP level 3. HP: 26/26 MP: 3/26
     6 | D        | Reached XP level 4. HP: 33/33 MP: 3/27
     6 | D        | Reached XP level 5. HP: 38/38 MP: 3/29
     6 | D        | Reached XP level 6. HP: 45/45 MP: 3/30
     6 | D        | Reached XP level 7. HP: 50/50 MP: 3/32
     6 | D        | Reached XP level 8. HP: 57/57 MP: 3/33
     6 | D        | Reached XP level 9. HP: 62/62 MP: 3/34
     6 | D        | Reached XP level 10. HP: 69/69 MP: 3/35
     6 | D        | Reached XP level 11. HP: 74/74 MP: 3/36
     6 | D        | Reached XP level 12. HP: 81/81 MP: 3/37
     6 | D        | Reached XP level 13. HP: 86/86 MP: 3/38
     7 | D        | Noticed a bag of meat
     7 | D        | Noticed a bag of meat
     7 | D        | Noticed a bag of meat
     7 | D        | Noticed a bag of meat
    10 | D        | Noticed a meat berserker
    11 | D        | Noticed a meat berserker
    11 | D        | Killed a bag of meat
    11 | D        | Reached * piety under Makhleb
    11 | D        | Reached XP level 14. HP: 93/93 MP: 4/41
    12 | D        | Killed a bag of meat
    12 | D        | Reached skill level 1 in Fighting
    12 | D        | Killed a bag of meat
    12 | D        | Reached XP level 15. HP: 104/104 MP: 4/44
    13 | D        | Killed a meat berserker
    13 | D        | Reached ** piety under Makhleb
    13 | D        | Reached skill level 27 in Spellcasting
    13 | D        | Reached XP level 16. HP: 116/116 MP: 5/46
    13 | D        | Killed a meat berserker
    13 | D        | Reached skill level 5 in Fighting
    15 | D        | Noticed a meat berserker
    17 | D        | Reached XP level 17. HP: 129/129 MP: 6/47
    18 | D        | Noticed a meat berserker
    19 | D        | Reached *** piety under Makhleb
    19 | D        | Reached skill level 5 in Conjurations
    20 | D        | Noticed a meat berserker
    20 | D        | Noticed a meat berserker
    20 | D        | Killed a meat berserker
    20 | D        | Reached XP level 18. HP: 71/154 MP: 7/48
    20 | D        | Reached **** piety under Makhleb
    20 | D        | Reached skill level 15 in Fighting
    20 | D        | Reached XP level 19. HP: 160/170 MP: 7/49
    21 | D        | Noticed a meat berserker
    21 | D        | Noticed a meat berserker
    21 | D        | Killed a meat berserker
    21 | D        | Reached ***** piety under Makhleb
    21 | D        | Reached skill level 27 in Axes
    21 | D        | Reached skill level 27 in Dodging
    21 | D        | Reached skill level 27 in Stealth
    22 | D        | Killed a meat berserker
    22 | D        | Reached skill level 27 in Fighting
    22 | D        | Reached XP level 20. HP: 216/216 MP: 8/50
    23 | D        | Noticed a destroyer
    23 | D        | Noticed a destroyer
    23 | D        | Noticed a destroyer
    27 | D        | Killed a meat berserker
    27 | D        | Reached XP level 21. HP: 188/224 MP: 9/51
    28 | D        | Noticed a meat berserker
    28 | D        | Killed a destroyer
    28 | D        | Reached ****** piety under Makhleb
    28 | D        | Reached skill level 27 in Conjurations
    30 | D        | Noticed a destroyer
    31 | D        | Killed a meat berserker
    31 | D        | Reached XP level 22. HP: 233/233 MP: 10/52
    31 | D        | Noticed a destroyer
    35 | D        | Noticed a destroyer
    36 | D        | Noticed a destroyer
    36 | D        | Killed a destroyer
    36 | D        | Reached XP level 23. HP: 240/240 MP: 11/53
    37 | D        | Killed a destroyer
    38 | D        | Killed a destroyer
    38 | D        | Reached skill level 27 in Unarmed Combat
    38 | D        | Reached skill level 27 in Invocations
    38 | D        | Reached XP level 24. HP: 249/249 MP: 11/53
    39 | D        | Killed a destroyer
    39 | D        | Killed a destroyer
    39 | D        | Reached skill level 27 in Throwing
    39 | D        | Reached skill level 27 in Armour
    39 | D        | Reached XP level 25. HP: 257/257 MP: 12/53
    41 | D        | Noticed a destroyer
    43 | D        | Noticed a destroyer
    43 | D        | Killed a destroyer
    43 | D        | Reached XP level 26. HP: 266/266 MP: 13/53
    44 | D        | Killed a destroyer
    45 | D        | Noticed a destroyer
    45 | D        | Noticed a destroyer
    46 | D        | Killed a destroyer
    46 | D        | Reached XP level 27. HP: 273/273 MP: 13/53
    48 | D        | Killed a destroyer
    49 | D        | Noticed a tyrant
    49 | D        | Noticed a destroyer
    50 | D        | Noticed a tyrant
    51 | D        | Killed a destroyer
    54 | D        | Noticed a destroyer
    54 | D        | Noticed a destroyer
    56 | D        | Killed a tyrant
    57 | D        | Killed a tyrant
    57 | D        | Killed a destroyer
    57 | D        | Noticed a meat beast
    59 | D        | Killed a meat beast
    62 | D        | Killed a destroyer
    64 | D        | Killed a destroyer
    73 | D        | Noticed a destroyer
    74 | D        | Noticed a dread
    74 | D        | Noticed a meat beast
    76 | D        | Noticed a meat beast
    77 | D        | Killed a meat beast
    78 | D        | Killed a meat beast
    79 | D        | Noticed a destroyer
    79 | D        | Killed a dread
    81 | D        | Noticed a meat beast
    83 | D        | Noticed a destroyer
    84 | D        | Killed a destroyer
    85 | D        | Killed a meat beast
    88 | D        | Noticed an accursed
    88 | D        | Killed a destroyer
    89 | D        | Noticed a meat beast
    89 | D        | Killed a destroyer
    91 | D        | Killed a meat beast
    91 | D        | Noticed a meat beast
    93 | D        | Noticed a destroyer
    93 | D        | Noticed an accursed
    94 | D        | Killed a meat beast
    95 | D        | Noticed The Captor
    95 | D        | Noticed a destroyer
    98 | D        | Killed a destroyer
   101 | D        | Killed an accursed
   102 | D        | Killed an accursed
   103 | D        | Killed a destroyer
   106 | D        | Noticed a meat beast
   106 | D        | Noticed an accursed
   107 | D        | Killed a meat beast
   109 | D        | Killed The Captor
   110 | D        | Noticed a meat beast
   110 | D        | Noticed a dread
   111 | D        | Noticed a meat beast
   112 | D        | Noticed a dread
   112 | D        | Killed a dread
   113 | D        | Noticed a meat beast
   113 | D        | Noticed The Servant
   113 | D        | Noticed an accursed
   114 | D        | Killed a meat beast
   115 | D        | Killed a meat beast
   116 | D        | Noticed a tyrant
   116 | D        | Noticed a meat beast
   117 | D        | Noticed an accursed
   117 | D        | Noticed a meat beast
   118 | D        | Noticed a meat beast
   118 | D        | Killed an accursed
   118 | D        | Killed a meat beast
   119 | D        | Noticed a destroyer
   119 | D        | Noticed an accursed
   119 | D        | HP: 9/272 [meat berserker/+9 battleaxe (52)]
   119 | D        | Demolished by a bag of meat

Skill      XL: |  1  2  3  4  5  6  7  8  9 10 11 12 13 14 15 16 17 18 19 20 21 22 23 24 |
---------------+-------------------------------------------------------------------------+-----
Axes           | 5 6 8 13 18 22 25 27 | 27.0
Dodging        | 12 13 14 18 22 24 26 27 | 27.0
Stealth        | 12 13 14 18 21 25 26 27 | 27.0
Spellcasting   | 22 24 26 27 | 27.0
Conjurations   | 2 3 4 6 7 14 26 27 | 27.0
Fighting       | 2 4 6 12 15 27 | 27.0
Throwing       | 9 19 23 27 | 27.0
Armour         | 9 19 23 27 | 27.0
Unarmed Combat | 11 22 27 | 27.0
Invocations    | 11 22 27 | 27.0
Summonings     | |  0.8
Translocations | |  0.8

Action                   |  1- 3 |  4- 6 |  7- 9 | 10-12 | 13-15 | 16-18 | 19-21 | 22-24 | 25-27 || total
-------------------------+-------+-------+-------+-------+-------+-------+-------+-------+-------++-------
Melee: Executioner's axe |     1 |       |       |       |     3 |     3 |     7 |     6 |    57 ||    77
 Cast: Magic Dart        |       |       |       |       |       |       |       |       |     1 ||     1
Invok: Greater Servant o |       |       |       |       |       |       |       |       |     4 ||     4
       Major Destruction |       |       |       |       |       |       |       |       |     1 ||     1
Armor: Robe              |       |       |       |       |       |       |       |       |     3 ||     3
Dodge: Dodged            |       |       |       |       |       |       |       |       |     8 ||     8
